AoeStats
← |GaoeG| flamingo

Arena

507489034Analyzed
4v4 RM · 14d ago on Sep 18, 2026· 50m 56s· 8 players
Game mode
Random Map
Map size
Large (8 player)
Population
200
Speed
Normal
Resources
Standard
Victory
Conquest
Starting age
Dark Age
Ending age
Imperial Age
RankedLock teamsTeams togetherTeam positionsShared explorationLock speedFull tech treeHidden civsTurbo modeCheats
Victory
Defeat
🇨🇳 Berbers · China
1229
+14
🇨🇳 Khmer · China
1228
+14
1219
+14
🇦🇹 Poles · Austria
1205
+15
🇪🇸 Berbers · Spain
1375
-22
🇪🇸 Bohemians · Spain
1207
-15
🇪🇸 Italians · Spain
1163
-13
🇪🇸 Persians · Spain
987
-7
SuterOne
10:40 Feudal Age
11:28 Double-Bit Axe
16:25 Castle Age
15:12 Loom
15:09 Horse Collar
17:39 Bow Saw
18:07 Wheelbarrow
28:18 Imperial Age
26:24 Town Watch
27:59 Chemistry
26:41 Pikeman
28:43 Heavy Plow
28:51 Scale Mail Armor
29:02 Forging
30:09 Chain Mail Armor
30:53 Conscription
30:51 Squires
32:00 Halberdier
33:18 Town Patrol
42:33 Elite Skirmisher
44:10 Padded Archer Armor
44:01 Fletching
|GaoeG| flamingo
11:05 Feudal Age
14:39 Castle Age
12:53 Double-Bit Axe
12:51 Horse Collar
16:01 Bow Saw
15:57 Heavy Plow
22:13 Wheelbarrow
22:34 Gold Mining
24:13 Stone Mining
25:02 Gold Shaft Mining
25:13 Loom
25:46 Hand Cart
29:09 Imperial Age
27:07 Fletching
27:20 Padded Archer Armor
27:32 Bloodlines
27:22 Husbandry
27:53 Ballistics
28:17 Kasbah
28:40 Town Watch
29:10 Light Cavalry
29:57 Bodkin Arrow
30:18 Leather Archer Armor
30:44 Conscription
30:59 Thumb Ring
31:01 Hussar
31:09 Elite Camel Archer
32:04 Maghrebi Camels
32:20 Bracer
32:51 Ring Archer Armor
32:27 Scale Barding Armor
33:47 Forging
35:04 Iron Casting
37:11 Chain Barding Armor
37:58 Blast Furnace
41:13 Hoardings
41:36 Plate Barding Armor
42:29 Guilds
|GaoeG| Ratarax
11:38 Feudal Age
15:12 Castle Age
13:36 Double-Bit Axe
13:34 Horse Collar
16:46 Wheelbarrow
22:42 Loom
22:56 Gold Mining
23:26 Bloodlines
23:17 Husbandry
23:31 Heavy Plow
23:44 Bow Saw
24:24 Gold Shaft Mining
30:38 Imperial Age
29:16 Scale Barding Armor
29:22 Forging
29:38 Hand Cart
30:40 Chain Barding Armor
30:24 Heavy Camel Rider
31:48 Iron Casting
33:09 Plate Barding Armor
35:40 Blast Furnace
36:24 Devotion
36:29 Cavalier
37:55 Town Watch
37:50 Savar
39:22 Crop Rotation
43:25 Light Cavalry
|GaoeG| Joseba77
11:12 Feudal Age
15:20 Castle Age
15:16 Double-Bit Axe
15:13 Horse Collar
17:13 Wheelbarrow
19:39 Bow Saw
20:51 Gold Mining
22:05 Fletching
25:24 Loom
30:31 Imperial Age
28:04 Stone Mining
28:17 Bodkin Arrow
29:19 Padded Archer Armor
30:16 Leather Archer Armor
30:33 Ballistics
31:03 Thumb Ring
32:21 Chemistry
31:23 Bracer
32:22 Elite Genoese Crossbowman
34:23 Fortified Wall
34:26 Masonry
34:48 Ring Archer Armor
35:25 Hoardings
38:26 Conscription
39:03 Architecture
38:15 Treadmill Crane
41:37 Hand Cart
45:00 Two-Man Saw
安逸
10:55 Feudal Age
11:27 Double-Bit Axe
11:24 Horse Collar
13:28 Loom
16:26 Castle Age
15:14 Scale Barding Armor
16:17 Bloodlines
17:24 Gold Mining
19:18 Husbandry
21:46 Chain Barding Armor
24:56 Bow Saw
27:13 Wheelbarrow
31:42 Imperial Age
31:59 Hand Cart
31:43 Onager
33:26 Chemistry
32:46 Onager
33:57 Elite Skirmisher
38:21 Padded Archer Armor
38:11 Fletching
40:31 Siege Engineers
40:18 Heavy Camel Rider
41:43 Gold Shaft Mining
46:04 Caravan
47:41 Bodkin Arrow
48:01 Leather Archer Armor
48:59 Ballistics
49:07 Bracer
Doomsday
10:55 Feudal Age
14:02 Castle Age
12:49 Double-Bit Axe
16:04 Bow Saw
20:47 Horse Collar
27:28 Imperial Age
25:34 Wheelbarrow
26:08 Gold Mining
26:11 Stone Mining
26:59 Scale Barding Armor
27:05 Forging
27:09 Bloodlines
27:04 Husbandry
28:06 Hand Cart
28:33 Gold Shaft Mining
28:23 Chain Barding Armor
28:15 Elite Battle Elephant
32:12 Plate Barding Armor
33:10 Iron Casting
36:00 Heavy Scorpion
40:19 Tusk Swords
40:20 Double Crossbow
40:55 Heavy Plow
42:55 Conscription
42:04 Light Cavalry
45:03 Ballistics
45:43 Chemistry
46:15 Hussar
Gimme pocket or quit
10:49 Feudal Age
14:54 Castle Age
12:52 Double-Bit Axe
13:09 Horse Collar
15:45 Bow Saw
20:55 Wheelbarrow
20:57 Loom
21:08 Stone Mining
22:16 Gold Mining
23:47 Gold Shaft Mining
24:22 Hand Cart
29:28 Imperial Age
26:44 Town Watch
27:03 Grand Trunk Road
27:15 Padded Archer Armor
28:58 Leather Archer Armor
29:02 Heavy Plow
31:13 Chemistry
30:54 Conscription
30:35 Shatagni
31:21 Ring Archer Armor
31:57 Two-Man Saw
34:38 Siege Engineers
35:50 Coinage
37:43 Masonry
41:04 Scale Barding Armor
41:09 Forging
42:08 Chain Barding Armor
41:49 Husbandry
42:00 Bloodlines
41:15 Heavy Camel Rider
43:47 Iron Casting
43:38 Imperial Camel Rider
44:54 Plate Barding Armor
46:20 Blast Furnace
GabberGandalf
10:48 Feudal Age
15:04 Castle Age
13:32 Double-Bit Axe
15:22 Wheelbarrow
16:10 Bow Saw
17:26 Horse Collar
20:34 Loom
22:21 Heavy Plow
23:42 Hand Cart
24:19 Szlachta Privileges
29:32 Imperial Age
30:06 Scale Mail Armor
30:19 Forging
29:59 Cavalier
30:49 Bloodlines
30:44 Husbandry
30:52 Scale Barding Armor
31:12 Conscription
34:39 Gold Mining
35:38 Stone Mining
36:22 Chain Mail Armor
36:30 Chain Barding Armor
40:17 Iron Casting
39:34 Fletching
40:01 Chain Mail Armor
44:03 Blast Furnace
47:19 Crop Rotation
49:45 Lechitic Legacy
Connection lost

Rejoining the realm…

Still unreachable

The connection could not be restored.

Session expired

The server has moved on; the page needs a fresh start.